 Dungeon Crawl Stone Soup version 0.19.0-2-gae57169 (webtiles) character file.

1702 Alarkh the Reanimator (level 8, 46/46 HPs)
             Began as a Mummy Necromancer on Nov 5, 2016.
             Was a Believer of Hepliaklqana.
             Safely got out of the dungeon.
             The game lasted 00:08:09 (5330 turns).

Alarkh the Reanimator (Mummy Necromancer)           Turns: 5330, Time: 00:08:10

Health: 46/46      AC:  4    Str: 11    XL:     8   Next: 73%
Magic:  18/18      EV: 12    Int: 16    God:    Hepliaklqana [**....]
Gold:   313        SH:  0    Dex: 13    Spells: 2 memorised, 16 levels left

rFire  x . .     SeeInvis .     s - +4 quarterstaff (chaos)
rCold  + . .     Gourm    .     h - +0 robe
rNeg   + + +     Faith    .     (shield currently unavailable)
rPois  ∞         Spirit   .     k - +0 helmet
rElec  .         Reflect  .     f - +0 cloak
rCorr  .         Harm     .     (no gloves)
MR     +....                    (no boots)
Stlth  ++........               t - amulet of magic regeneration (curse)
                                (no ring)
                                (no ring)

@: no status effects
A: no food or potions, fire vulnerability, reduced essence, cold resistance 1,
negative energy resistance 3, torment resistance, unbreathing
a: Recall Ancestor, Ancestor Identity, Renounce Religion


You escaped.
You worshipped Hepliaklqana.
Hepliaklqana was pleased with you.
You were not hungry.

You visited 2 branches of the dungeon, and saw 7 of its levels.

You collected 313 gold pieces.

Inventory:

Hand Weapons
 a - a +0 dagger of electrocution
 g - a +0 dagger
 m - a +0 quarterstaff
 s - a +4 quarterstaff of chaos (weapon)
Armour
 f - a +0 cloak (worn)
 h - a +0 robe (worn)
 k - a +0 helmet (worn)
Jewellery
 t - a cursed amulet of magic regeneration (around neck)
Wands
 l - a wand of enslavement (6/24)
 r - a wand of random effects (23/48)
Scrolls
 c - a scroll of amnesia
 d - a scroll of fear
 e - 4 scrolls of identify
 i - a scroll of noise
 j - a scroll of enchant armour
 n - 3 scrolls of recharging
 o - a scroll of random uselessness
 p - 4 scrolls of remove curse
 q - 4 scrolls of teleportation
 v - a scroll of blinking
Books
 b - a book of Necromancy

   Spells                             Type                      Level
   a - Pain                           Necromancy                   1
   b - Animate Skeleton               Necromancy                   1
   c - Vampiric Draining              Necromancy                   3
   d - Regeneration                   Charms/Necromancy            3
   e - Animate Dead                   Necromancy                   4
   f - Control Undead                 Necromancy                   4
 u - a book of Minor Magic

   Spells                             Type                      Level
   a - Magic Dart                     Conjuration                  1
   b - Blink                          Translocation                2
   c - Call Imp                       Summoning                    2
   d - Repel Missiles                 Charms/Air                   2
   e - Slow                           Hexes                        2
   f - Conjure Flame                  Conjuration/Fire             3
   g - Mephitic Cloud                 Conjuration/Poison/Air       3


   Skills:
 + Level 3.6 Staves
 - Level 1.5 Dodging
 - Level 1.5 Stealth
 + Level 6.9 Spellcasting
 + Level 8.2 Necromancy


You had 16 spell levels left.
You knew the following spells:

 Your Spells              Type           Power        Failure   Level  Hunger
a - Pain                  Necr           ####         1%          1    N/A
b - Vampiric Draining     Necr           ####......   1%          3    N/A

Dungeon Overview and Level Annotations

Branches:
Dungeon (6/15)             Temple (1/1) D:4

Altars:
Cheibriados
Dithmenos
Elyvilon
Fedhas
Gozag
Hepliaklqana
Kikubaaqudgha
Makhleb
Nemelex Xobeh
Okawaru
Qazlal
Ru
Sif Muna
Trog
Uskayaw
Vehumet
Xom
Yredelemnul
Zin
The Shining One


Innate Abilities, Weirdness & Mutations

You do not eat or drink.
Your flesh is vulnerable to fire.
You are immune to poison.
Your flesh is cold resistant. (rC+)
You are immune to negative energy. (rN+++)
You are immune to unholy pain and torment.
You can survive without breathing.
Your life essence is reduced. (-10% HP)


Message History

What level of the Dungeon? (default 1, ? - help)
You see here a chain mail.
There is a stone staircase leading up here.
You climb upwards.
There is a stone staircase leading down here.
There is a stone staircase leading up here.
You climb upwards.
HP restored.
There is a stone staircase leading down here.
You see here a leather armour.
There is a stone staircase leading down here.
There is a stone staircase leading up here.
You climb upwards.
There is a stone staircase leading down here.
There is a stone staircase leading up here.
You climb upwards.
There is a stone staircase leading down here.
Key pressed, stopping travel.
There is a staircase leading out of the dungeon here.
Are you sure you want to leave the Dungeon?
This will make you lose the game!
You have escaped!

.........#....# #......)###....
.........###############.........
.........#≈...........≈#.#####...
.......#.#.............#.# #...
.....###.#.....).......#.# ###...
.....# #.#.............#.# #.....
.....# #.!.....≈≈≈.......###.....
.....# #......≈...≈..............
.....# #......≈.@.≈..............
.....###......≈.!.≈...........###
...............≈≈≈...............
.........#.............#.........
.........#.............#.........
.........#.............#.........
........)#≈...........)#.........
##........#############..........
.................!#####..........


There were no monsters in sight!

Vanquished Creatures
  Eustachio (D:5)
  2 ogres
  The ghost of Archivist the Skirmisher, an amateur DsWn (D:4)
  A phantom (D:6)
  5 killer bees (D:6)
  3 crimson imps (D:5)
  A hound (D:5)
  3 orc wizards
  2 orc priests
  Crazy Yiuf (D:4)
  4 worker ants
  Ijyb (D:2)
  A hound skeleton (D:6)
  A howler monkey zombie (D:5)
  6 adders
  4 gnolls (D:6)
  An ooze (D:3)
  3 worms
  A dart slug (D:3)
  2 leopard geckos (D:2)
  13 orcs
  4 ball pythons
  9 giant cockroaches
  6 hobgoblins
  7 jackals
  2 kobolds (D:1)
  6 bats
  4 frilled lizards (D:1)
  12 goblins
  A leopard gecko skeleton (D:6)
  4 rats
  A butterfly (D:4)
113 creatures vanquished.

Vanquished Creatures (collateral kills)
  A sky beast (D:5)
  An ogre (D:5)
  2 bullfrogs
  A howler monkey zombie (D:5)
  A gnoll (D:4)
  An adder (D:6)
  An adder skeleton (D:6)
  An orc (D:4)
  A jackal (D:6)
  A quokka (D:5)
  A butterfly (D:4)
12 creatures vanquished.

Grand Total: 125 creatures vanquished

Notes
Turn   | Place    | Note
-------+----------+-------------------------------------------
     0 | D:1      | Alarkh the Mummy Necromancer began the quest for the Orb.
     0 | D:1      | Reached XP level 1. HP: 13/13 MP: 3/3
   179 | D:1      | Reached XP level 2. HP: 16/19 MP: 0/5
   790 | D:1      | You fall through a shaft!
   796 | D:2      | Reached XP level 3. HP: 24/24 MP: 2/7
   801 | D:2      | Learned a level 3 spell: Vampiric Draining
  1246 | D:2      | Noticed Ijyb
  1284 | D:2      | Killed Ijyb
  1284 | D:2      | Reached XP level 4. HP: 24/30 MP: 3/8
  1366 | D:2      | Reached skill level 5 in Necromancy
  1633 | D:3      | Found a sparkling altar of Nemelex Xobeh.
  1633 | D:3      | Found a snail-covered altar of Cheibriados.
  1633 | D:3      | Found an opulent altar of Gozag.
  1633 | D:3      | Found a sacrificial altar of Ru.
  2262 | D:4      | Reached XP level 5. HP: 35/35 MP: 4/10
  2295 | D:4      | Noticed an ogre
  2306 | D:4      | Killed an ogre
  2376 | D:4      | Found a runed door.
  2399 | D:4      | Found a staircase to the Ecumenical Temple.
  2403 | Temple   | Entered the Ecumenical Temple
  2550 | Temple   | Became a worshipper of Hepliaklqana the Forgotten
  2604 | D:4      | Reached XP level 6. HP: 30/36 MP: 4/12
  2624 | D:4      | Reached skill level 6 in Necromancy
  2744 | D:4      | Found a shadowy altar of Dithmenos.
  2778 | D:4      | Found a shimmering altar of Xom.
  2890 | D:4      | Noticed Archivist's ghost (amateur DsWn)
  2912 | D:4      | Killed Archivist's ghost
  2912 | D:4      | Reached skill level 5 in Spellcasting
  3097 | D:4      | Reached XP level 7. HP: 28/41 MP: 6/14
  3103 | D:4      | Found a deep blue altar of Sif Muna.
  3367 | D:4      | Noticed Crazy Yiuf
  3373 | D:4      | Killed Crazy Yiuf
  3575 | D:5      | Entered Level 5 of the Dungeon
  3707 | D:5      | Reached skill level 1 in Staves
  3768 | D:5      | Reached skill level 7 in Necromancy
  4014 | D:5      | Noticed Eustachio
  4022 | D:5      | Killed Eustachio
  4022 | D:5      | Reached XP level 8. HP: 41/46 MP: 15/17
  4035 | D:5      | Reached * piety under Hepliaklqana
  4799 | D:6      | Reached skill level 8 in Necromancy
  5203 | D:6      | Reached ** piety under Hepliaklqana
  5204 | D:6      | Remembered your ancestor Imgur-Sin as a hexer
  5330 | D:$      | Safely got out of the dungeon.

Skill      XL: |  1  2  3  4  5  6  7  8 |
---------------+-------------------------+-----
Spellcasting   | 3 4 5 6 |  6.9
Necromancy     | 5 6 7 8 |  8.2
Staves         | 2 3 |  3.6
Dodging        | |  1.5
Stealth        | |  1.5

Action                   |  1- 3 |  4- 6 |  7- 9 || total
-------------------------+-------+-------+-------++-------
Melee: Unarmed           |    22 |       |       ||    22
       Dagger            |    46 |    47 |       ||    93
       Quarterstaff      |       |       |    89 ||    89
 Cast: Pain              |    58 |    91 |    16 ||   165
       Vampiric Draining |       |     1 |    27 ||    28
Invok: Ancestor Identity |       |     1 |       ||     1
       Recall Ancestor   |       |       |     1 ||     1
       Ancestor Life: He |       |       |     1 ||     1
  Use: Scroll            |     2 |       |     7 ||     9
 Stab: Paralysed         |       |       |     2 ||     2
       Distracted        |       |       |     1 ||     1
       Sleeping          |       |       |     1 ||     1
Armor: Robe              |    46 |    15 |    24 ||    85
Dodge: Dodged            |    77 |    46 |    85 ||   208
